 Dungeon Crawl Stone Soup version 0.21.1-1-g345015fe64 (webtiles) character file.

961 FreshCat the Chopper (level 7, -3/55 HPs)
             Began as a Demonspawn Chaos Knight on Apr 22, 2018.
             Slain by a gnoll
             ... wielding a +0 spear
              (7 damage)
             ... on level 4 of the Dungeon.
             The game lasted 00:24:16 (4370 turns).

FreshCat the Chopper (Demonspawn Chaos Knight)      Turns: 4370, Time: 00:24:18

Health: -3/55      AC:  7    Str: 15    XL:     7   Next: 92%
Magic:  7/7        EV: 13    Int: 13    God:    Xom [....*.]
Gold:   167        SH:  0    Dex: 14    Spells: 6/6 levels left

rFire    . . .     SeeInvis .   a - +0 hand axe (chaos)
rCold    . . .     Gourm    .   (no shield)
rNeg     . . .     Faith    .   b - +2 leather armour
rPois    .         Spirit   .   (no helmet)
rElec    .         Reflect  .   l - +1 cloak
rCorr    .         Harm     .   (no gloves)
MR       .....                  (no boots)
Stlth    +.........             f - amulet of regeneration
HPRegen  0.58/turn              d - ring of loudness (curse)
MPRegen  0.10/turn              m - +2 ring of strength

@: no status effects
A: demonic guardian 1
a: Renounce Religion


You were on level 4 of the Dungeon.
You worshipped Xom.
You were a beloved toy of Xom.
You were hungry.

You visited 1 branch of the dungeon, and saw 5 of its levels.

You collected 167 gold pieces.

Inventory:

Hand Weapons
 a - a +0 hand axe of chaos (weapon)
Missiles
 j - 78 stones (quivered)
 r - 2 throwing nets
Armour
 b - a +2 leather armour (worn)
 l - a +1 cloak (worn)
Jewellery
 d - a cursed ring of loudness (left hand)
 f - an amulet of regeneration (around neck)
 m - a +2 ring of strength (right hand)
 p - an uncursed amulet of harm {unknown}
Wands
 k - a wand of iceblast (6)
Scrolls
 i - 2 scrolls of magic mapping
 q - a scroll of teleportation
Potions
 e - a potion of cancellation
 g - a potion of curing
 h - 4 potions of flight
Comestibles
 c - 9 rations


   Skills:
 + Level 4.5 Fighting
 + Level 6.2 Axes
 + Level 3.3 Armour
 + Level 3.4 Dodging
 + Level 2.1 Stealth
 + Level 0.8 Evocations


You had 6 spell levels left.
You didn't know any spells.

Dungeon Overview and Level Annotations

Branches:
Dungeon (5/15)
 Temple: D:4-7

Altars:


Innate Abilities, Weirdness & Mutations

A weak demonic guardian rushes to your aid.


Message History

The gnoll hits your shadow imp with a whip!
Your shadow imp dies!
You hit the gnoll.
The gnoll is moderately wounded.
The gnoll hits you but does no damage.
You slash the gnoll!
The gnoll is severely wounded.
The gnoll closely misses you. x3
You hit the gnoll.
The gnoll seems to speed up.
The gnoll is severely wounded.
The gnoll misses you.
The gnoll hits you from afar with a spear!
* * * LOW HITPOINT WARNING * * *
You barely miss the gnoll.
The gnoll is severely wounded.
The gnoll hits you with a whip!
* * * LOW HITPOINT WARNING * * *
The gnoll misses you.
The gnoll hits you from afar with a spear!
You die...

.≈≈###+#....'.......'..'.......'.
.≈≈≈.#,#...)#########''#########.
.≈≈≈.#,#....#..................#.
.≈≈≈.#,######..................##
.≈≈≈.#,+,,,,+..................'.
.≈≈≈.#,+,,,,+..................'.
.≈≈≈.#,##############''##########
.≈≈≈.#,#.....#######.)).#######..
.≈≈≈.#,#.....)gg@..'....'.....'..
.≈≈###+#....)#######....#######..
P≈≈#...#############''''#########
.≈≈#.gg#............)............
.≈≈#####≈≈≈≈≈≈≈≈≈≈≈))...≈≈≈≈≈≈≈≈≈
.≈≈≈≈≈≈≈≈≈≈≈≈≈≈≈≈≈≈≈....≈≈≈≈≈≈≈≈≈
.≈≈≈≈≈≈≈≈≈≈≈≈≈≈≈≈≈)≈).).≈≈≈≈≈≈≈≈≈
................).)).............
###########....#>..).............


You could see 2 gnolls.

Vanquished Creatures
  An ogre (D:4)
  A phantom (D:5)
  A scorpion (D:4)
  A bullfrog zombie (D:4)
  A hound (D:4)
  2 gnoll shamans (D:4)
  2 orc priests
  26 gnolls (D:4)
  2 howler monkey skeletons
  3 adders
  2 shadow imps (D:4)
  2 oozes
  An adder skeleton (D:5)
  2 worms
  3 dart slugs
  A leopard gecko (D:4)
  7 orcs
  A ball python (D:2)
  4 giant cockroaches
  11 hobgoblins
  17 jackals
  9 kobolds
  2 quokkas (D:2)
  8 bats
  6 frilled lizards
  4 goblins
  4 rats
124 creatures vanquished.

Vanquished Creatures (collateral kills)
  An ogre (D:4)
  A water moccasin skeleton (D:4)
  A centaur skeleton (D:2)
  An orc wizard (D:4)
  9 gnolls (D:4)
  2 adders (D:2)
  An orc (D:4)
  A giant cockroach (D:4)
17 creatures vanquished.

Grand Total: 141 creatures vanquished

Notes
Turn   | Place    | Note
-------+----------+-------------------------------------------
     0 | D:1      | FreshCat the Demonspawn Chaos Knight began the quest for the Orb.
     0 | D:1      | Reached XP level 1. HP: 18/18 MP: 1/1
    75 | D:1      | XOM: harmless Tmut miscast
   367 | D:1      | Gained mutation: A weak demonic guardian rushes to your aid. [demonic ancestry]
   367 | D:1      | Reached XP level 2. HP: 24/24 MP: 2/2
   433 | D:1      | Reached skill level 3 in Axes
   514 | D:1      | Reached skill level 1 in Dodging
   870 | D:1      | XOM: harmless Tloc miscast
   931 | D:1      | Reached XP level 3. HP: 29/29 MP: 3/3
  1005 | D:1      | XOM: divination: detect creatures
  1074 | D:3      | XOM: mild Erth miscast
  1083 | D:2      | XOM: harmless Erth miscast
  1345 | D:2      | Reached XP level 4. HP: 3/37 MP: 4/4
  1349 | D:2      | XOM: silly message
  1517 | D:2      | XOM: god gift: 14 gold pieces
  2038 | D:2      | Reached skill level 1 in Stealth
  2038 | D:2      | Reached XP level 5. HP: 39/42 MP: 5/5
  2190 | D:2      | Reached skill level 4 in Axes
  2781 | D:3      | XOM: swap monsters
  2842 | D:3      | XOM: mild Summ miscast
  3075 | D:4      | XOM: mild Air miscast
  3164 | D:4      | XOM: noise
  3198 | D:5      | Entered Level 5 of the Dungeon
  3241 | D:4      | Reached XP level 6. HP: 48/48 MP: 6/6
  3311 | D:4      | XOM: butterfly on damage
  3657 | D:4      | Reached skill level 5 in Axes
  3664 | D:4      | XOM: confuse monster(s)
  3675 | D:4      | Reached XP level 7. HP: 53/54 MP: 7/7
  3913 | D:4      | XOM: 2-stop teleportation journey
  4024 | D:4      | XOM: polymorph iguana -> worm
  4106 | D:4      | Reached skill level 6 in Axes
  4174 | D:5      | XOM: harmless Fire miscast
  4353 | D:4      | XOM: noise
  4370 | D:4      | Slain by a gnoll

Skill      XL: |  1  2  3  4  5  6  7 |
---------------+----------------------+-----
Axes           | 3 4 5 6 |  6.2
Dodging        | 1 2 3 |  3.4
Armour         | 2 3 |  3.3
Stealth        | 1 2 |  2.1
Fighting       | 4 |  4.5
Evocations     | |  0.8

Action                   |  1- 3 |  4- 6 |  7- 9 || total
-------------------------+-------+-------+-------++-------
Melee: Hand axe          |   128 |   227 |   104 ||   459
Evoke: Wand              |       |     6 |     1 ||     7
  Use: Scroll            |     6 |     5 |     1 ||    12
       Potion            |     1 |     5 |     1 ||     7
 Stab: Sleeping          |     1 |       |       ||     1
       Petrified         |     3 |       |       ||     3
       Confused          |       |     3 |       ||     3
       Paralysed         |       |     2 |       ||     2
       Petrifying        |       |     1 |     1 ||     2
  Eat: Chunk             |     2 |     7 |     2 ||    11
Armor: Leather armour    |    60 |    80 |    32 ||   172
Dodge: Dodged            |    84 |   145 |    75 ||   304
